 Dungeon Crawl Stone Soup version 0.29.1-2-gbd0b4ee654 (webtiles) character file.

Game seed: 14769783017095271661

65 CryoSword the Caller (level 3, -4/29 HPs)
             Began as a Draconian Summoner on Nov 9, 2022.
             Killed by divine providence
             ... invoked by an orc priest
              (11 damage)
             ... on level 3 of the Dungeon.
             The game lasted 00:03:02 (1973 turns).

CryoSword the Caller (Draconian Summoner)           Turns: 1973, Time: 00:03:03

Health: -4/29      AC:  5    Str: 10    XL:     3   Next: 92%
Magic:  5/6        EV: 12    Int: 17    God:
Gold:   92         SH:  0    Dex: 11    Spells: 2/6 levels left

rFire   . . .      SeeInvis .   l - +0 falchion
rCold   . . .      Faith    .   (no shield)
rNeg    . . .      Spirit   .   (body armour unavailable)
rPois   .          Reflect  .   (helmet restricted)
rElec   .          Harm     .   (no cloak)
rCorr   .          Rampage  .   (no gloves)
Will    .....                   (no boots)
Stlth   ++........              b - amulet of regeneration
HPRegen 0.89/turn               (no ring)
MPRegen 0.10/turn               (no ring)

@: no status effects
A: AC +5, unfitting armour, cold-blooded
a: no special abilities


You were on level 3 of the Dungeon.
You visited 1 branch of the dungeon, and saw 4 of its levels.

You collected 92 gold pieces.

Inventory:

Hand Weapons
 l - a +0 falchion (weapon)
   (You found it on level 4 of the Dungeon)
Missiles
 j - 10 poisoned darts
 k - 11 boomerangs
Jewellery
 b - an amulet of regeneration (around neck)
   (You found it on level 1 of the Dungeon)
Scrolls
 c - a scroll of magic mapping {unknown}
 h - a scroll of fear {unknown}
Potions
 a - a potion of magic
 d - 2 potions of haste {unknown}
 e - a potion of curing {@q1}
 f - a potion of might
 g - a potion of cancellation {unknown}
 i - a potion of attraction {unknown}


   Skills:
 + Level 1.9 Fighting
 - Level 0.4 Short Blades
 * Level 0.0(0.1) Long Blades
 + Level 1.9 Dodging
 - Level 1.7 Stealth
 - Level 2.0 Spellcasting
 * Level 5.0 Summonings


You had 2 spell levels left.
You knew the following spells:

 Your Spells              Type           Power      Damage    Failure   Level
a - Summon Small Mammal   Summ           72%        N/A       2%          1
b - Call Canine Familiar  Summ           18%        N/A       8%          3

Your spell library contained the following spells:

 Spells                   Type           Power      Damage    Failure   Level
 Call Imp                 Summ           18%        N/A       3%          2
 Magic Dart               Conj           4%         1d3       19%         1
 Searing Ray              Conj           2%         2d4       28%         2
 Summon Guardian Golem    Hex/Summ       10%        N/A       21%         3
 Gell's Gravitas          Tloc           1%         N/A       50%         3
 Inner Flame              Hex/Fire       1%         N/A       50%         3
 Lesser Beckoning         Tloc           1%         N/A       50%         3
 Teleport Other           Tloc           1%         N/A       50%         3
 Summon Lightning Spire   Summ/Air       10%        N/A       56%         4
 Cause Fear               Hex            0%         N/A       88%         4
 Fulminant Prism          Conj/Hex       0%         3d6       88%         4
 Discord                  Hex            0%         N/A       100%        8


Dungeon Overview and Level Annotations

Branches:
Dungeon (4/15)
 Temple: D:4-7

Altars:
Sif Muna

Annotations:
D:2 Sigmund


Innate Abilities, Weirdness & Mutations

Your plain brown scales are hard. (AC +5)
You cannot fit into any form of body armour.
You are cold-blooded and may be slowed by cold attacks.


Message History

You climb downwards.
Level annotation: Natasha
There is a stone staircase leading up here.
You see here an adder skeleton.
Found a stone staircase leading down.
You pick up a book of Hexes and begin reading...
You add the spells Inner Flame, Cause Fear and Discord to your library.
You now have 72 gold pieces (gained 7).
i - a dark potion
There is a stone staircase leading up here.
There is a stone staircase leading down here.
You now have 85 gold pieces (gained 13).
Could not explore, unopened door.
Could not explore, unopened door.
Could not explore, unopened door.
You open the door.
There is an open door here.
Sigmund the Dreaded comes into view.
He is wielding a +0 scythe.
Found a spear.
There is an open door here.
You close the door.
Okay, then.
There is a stone staircase leading down here.
A jackal comes into view.
The jackal moves out of view.
There is a stone staircase leading up here.
A jackal is nearby!
The jackal barks!
You hit the jackal.
You tail-slap the jackal, but do no damage.
The jackal misses you.
You closely miss the jackal. The jackal barely misses you.
The jackal closely misses you.
You miss the jackal. The jackal barely misses you.
You miss the jackal. The jackal barely misses you.
The jackal closely misses you.
You hit the jackal.
You kill the jackal!
No target in view!
There is a stone staircase leading up here.
Natasha is nearby!
Natasha is nearby!
Natasha stares at you and mumbles some strange words.
You feel yourself slow down.
There is a stone staircase leading up here.
You climb upwards.
There is a stone staircase leading down here.
You start waiting.
You feel yourself speed up.
You climb downwards.
Level annotation: Natasha, Sigmund Natasha claws you but does no damage.
There is a stone staircase leading up here.
Natasha casts a spell at you. The magic dart hits you!
Natasha closely misses you.
You hit Natasha.
Natasha mumbles some strange words.
You barely miss Natasha.
Your tail-slap misses Natasha.
Natasha claws you.
You closely miss Natasha.
Your quokka bites Natasha but does no damage.
Natasha misses you.
Your quokka misses Natasha. You hit Natasha. Natasha claws you.
Your quokka bites Natasha.
You hit Natasha but do no damage.
Natasha growls.
Natasha claws you.
Your quokka barely misses Natasha.
You hit Natasha.
Your tail-slap misses Natasha.
Your quokka bites Natasha.
Natasha claws you.
Your quokka closely misses Natasha.
You closely miss Natasha. Natasha claws you.
Your quokka bites Natasha.
Natasha dies!
Moaning pathetically, Natasha's spirit plunges into the ground.
The shadow imp disappears in a puff of smoke!
Your Summonings skill increases to level 5!
You start resting.
You start resting.
An endoplasm comes into view.
A sourceless malevolence fills the Dungeon...
You fall into a shaft and drop 2 floors!
The shaft crumbles and collapses.
Found a falchion.
Found a dagger.
Found 5 boomerangs.
Found a scroll labelled GIARCH MOTANAO.
Found 5 stones.
Found an escape hatch in the floor.
You see here a +0 falchion.
l - a +0 falchion
l - a +0 falchion (weapon)
You drop a +0 dagger.
You drop a +0 short sword.
k - 11 boomerangs (gained 5)
c - a scroll labelled GIARCH MOTANAO You now have 92 gold pieces (gained 7).
There is an escape hatch in the floor here.
Found a stone staircase leading up.
A giant cockroach comes into view.
Found a purple potion.
There is a stone staircase leading up here.
You climb upwards.
There is a stone staircase leading down here.
Found 2 clear potions.
The ball python closely misses you. The ball python grabs you.
The ball python constricts you.
You closely miss the ball python. Your punch misses the ball python.
The ball python misses you. The ball python constricts you.
The ball python barely misses you. The ball python constricts you.
You barely miss the ball python.
Your quokka bites the ball python.
The ball python bites you but does no damage.
The ball python constricts you.
Your quokka bites the ball python.
The ball python dies!
No target in view!
d - 2 clear potions You swap places.
You swap places.
Could not explore, unopened door.
Could not explore, unopened door.
You open the door.
There is an open door here.
Could not explore, unopened door.
Could not explore, unopened door.
You open the door. 4 orcs come into view.
The orc shouts! x2; You hear a shout!
The orc shouts!
Your quokka disappears in a puff of smoke!
Your quokka barely misses the orc.
You hear an angry hiss.
Found 2 scrolls of identify.
There are monsters nearby!
There are monsters nearby!
You closely miss the orc. The orc hits you with a +0 club.
An orc priest comes into view. It is wielding a +0 club.
Your quokka bites the orc but does no damage.
You barely miss the orc.
Your quokka disappears in a puff of smoke!
The orc closely misses you. The orc hits you with a +0 club.
The orc priest mumbles some strange prayers to Beogh against you.
Beogh smites you!
* * * LOW HITPOINT WARNING * * *
A ball python comes into view.
You are too injured to fight recklessly!
Okay, then.
You completely miss the orc priest. The orc hits you with a +0 club.
* * * LOW HITPOINT WARNING * * *
The orc priest barely misses you.
The orc hits you from afar with a +0 trident.
* * * LOW HITPOINT WARNING * * *
The orc barely misses you.
The orc priest invokes the aid of Beogh against you.
Beogh smites you!
You die...

#.# #.#.# #.# #.#.#
#.#######.#.#######
#>.........r.......
..........#r.......
#########.########.
##'########
#.........# #
#........@#.###.#
#......r.ooo.....
#.........#o#####
###########S.. ...?
....# ...# ...#


You could see an orc priest, 3 orcs, a ball python and a friendly quokka
(summoned).

Vanquished Creatures
  A dart slug (D:2)
  A ball python (D:1)
  A bat (D:1)
  A goblin (D:1)
  3 hobgoblins (D:1)
  5 jackals
  4 kobolds (D:1)
  A quokka (D:1)
  2 rats (D:1)
19 creatures vanquished.

Vanquished Creatures (collateral kills)
  Natasha (D:2)
  An adder (D:2)
  A dart slug (D:1)
  A bat (D:1)
  A ball python (D:3)
  2 rats
7 creatures vanquished.

Grand Total: 26 creatures vanquished

Notes
Turn   | Place    | Note
-------+----------+-------------------------------------------
     0 | D:1      | CryoSword the Draconian Summoner began the quest for the
                  | Orb.
     0 | D:1      | Reached XP level 1. HP: 14/14 MP: 3/3
   226 | D:1      | Reached XP level 2. HP: 22/22 MP: 0/5
   537 | D:1      | Reached skill level 1 in Fighting
   600 | D:1      | Found a faded altar of an unknown god.
  1423 | D:2      | Noticed Natasha
  1423 | D:2      | Found a shimmering blue altar of Sif Muna.
  1481 | D:2      | Reached XP level 3. HP: 16/28 MP: 4/6
  1726 | D:1      | Learned a level 3 spell: Call Canine Familiar
  1773 | D:2      | Noticed Sigmund
  1830 | D:2      | Killed Natasha
  1831 | D:2      | Reached skill level 5 in Summonings
  1845 | D:2      | You fall into a shaft and drop 2 floors!
  1973 | D:3      | Killed from afar by an orc priest

Illustrated notes

Levels and vault maps discovered:
D:1:      erik_arrival_triangle_medium, layout_loops_ring,
          hellmonk_ecumenical_altar_leap_of_faith, minmay_pentomino_r2
D:2:      layout_basic, basic_altar, uniq_natasha, uniq_sigmund
D:3:      layout_basic, serial_shops, shop, uniq_grinder,
          uniq_crazy_yiuf_cottage, uniq_ijyb, uniq_terence
D:4:      layout_rooms

Skill      XL: |  1  2  3 |
---------------+----------+-----
Fighting       | 1 |  1.9
Summonings     | 5 |  5.0
Short Blades   | |  0.4
Dodging        | |  1.9
Stealth        | |  1.7
Spellcasting   | |  2.0

Action                   || total
-------------------------++-------
Melee: Unarmed           ||    18
       Dagger            ||     5
       Tailslap          ||    14
       Short sword       ||   102
       Falchion          ||     5
 Cast: Summon Small Mamm ||    23
  Use: Scroll            ||     2
 Stab: Distracted        ||     1
       Sleeping          ||     1
Armor: Skin              ||    45
Dodge: Dodged            ||    95
